BR
QUINCY DOUGHBOYS @ YELLOWKNIFE CLAWS
07/28/2027
 
TOP OF THE 1ST
Quincy Doughboys batting - Pitching for Yellowknife Claws : RHP George Pierce
Pitching: RHP George Pierce
Batting: RHB Jorge Chávez 0-0: Called Strike
0-1: Foul Ball, location: 2F
0-2: Foul Ball, location: 2F
0-2: Ball
1-2: Ball
2-2: Fly out, F8 (Flyball, 8LM)
Batting: RHB Miguel Medina 0-0: Ball
1-0: Ball
2-0: Called Strike
2-1: Fly out, F2 (Popup, 25)
Batting: LHB Marv Gardner 0-0: Called Strike
0-1: Ball
1-1: Ball
2-1: Ball
3-1: Swinging Strike
3-2: SINGLE (Line Drive, 6M)
Batting: LHB Alberto Castellanos 0-0: Called Strike
0-1: Ball
1-1: Foul Ball, location: 2F
1-2: Strikes out looking
Top of the 1st over - 0 run(s), 1 hit(s), 0 error(s), 1 left on base; Quincy 0 - Yellowknife 0
BOTTOM OF THE 1ST
Yellowknife Claws batting - Pitching for Quincy Doughboys : RHP Gabriel Quintero
Pitching: RHP Gabriel Quintero
Batting: RHB Fernando Álvarez 0-0: Swinging Strike
0-1: Called Strike
0-2: Strikes out swinging
Batting: RHB Scotty Hicks 0-0: Called Strike
0-1: Ball
1-1: Foul Ball, location: 2F
1-2: Foul Ball, location: 2F
1-2: Ball
2-2: Foul Ball, location: 2F
2-2: Fly out, F4 (Popup, 4MD)
Batting: RHB Oliver Gonzéles 0-0: Ground out U3 (Groundball, 34)
Bottom of the 1st over - 0 run(s), 0 hit(s), 0 error(s), 0 left on base; Quincy 0 - Yellowknife 0
TOP OF THE 2ND
Quincy Doughboys batting - Pitching for Yellowknife Claws : RHP George Pierce
Batting: LHB Seth Sullivan 0-0: Called Strike
0-1: Ground out 5-3 (Groundball, 56S)
Batting: RHB Júlio Contreras 0-0: Called Strike
0-1: Fly out, F8 (Line Drive, 8RM)
Batting: RHB Vicente Barajas 0-0: Called Strike
0-1: Called Strike
0-2: Ball
1-2: Fly out, F4 (Popup, 34)
Top of the 2nd over - 0 run(s), 0 hit(s), 0 error(s), 0 left on base; Quincy 0 - Yellowknife 0
BOTTOM OF THE 2ND
Yellowknife Claws batting - Pitching for Quincy Doughboys : RHP Gabriel Quintero
Batting: RHB Jeff Benson 0-0: Ball
1-0: Called Strike
1-1: SINGLE (Groundball, 56) (infield hit)
Batting: LHB Howard White 0-0: Ball
1-0: Foul Ball, location: 2F
1-1: Swinging Strike
1-2: Ball
2-2: Foul Ball, location: 2F
2-2: Ball
3-2: Fly out, F8 (Flyball, 8LS)
Batting: RHB Cris Lugo 0-0: Called Strike
0-1: Ball
1-1: Grounds into double play, 5-4-3 (Groundball, 56)
Bottom of the 2nd over - 0 run(s), 1 hit(s), 0 error(s), 0 left on base; Quincy 0 - Yellowknife 0
TOP OF THE 3RD
Quincy Doughboys batting - Pitching for Yellowknife Claws : RHP George Pierce
Batting: RHB Domingo Laydón 0-0: Ground out 5-3 (Groundball, 56S)
Batting: RHB Henry Haines 0-0: Ball
1-0: Swinging Strike
1-1: Ball
2-1: Ball
3-1: Fly out, F9 (Flyball, 9S)
Batting: RHB Jorge Chávez 0-0: Ball
1-0: Ground out 5-3 (Groundball, 5S)
Top of the 3rd over - 0 run(s), 0 hit(s), 0 error(s), 0 left on base; Quincy 0 - Yellowknife 0
BOTTOM OF THE 3RD
Yellowknife Claws batting - Pitching for Quincy Doughboys : RHP Gabriel Quintero
Batting: RHB Alan Williams 0-0: Ball
1-0: Called Strike
1-1: Foul Ball, location: 2F
1-2: Foul Ball, location: 2F
1-2: Ground out 5-3 (Groundball, 56)
Batting: RHB Carlos Uribe 0-0: Ball
1-0: Ground out 6-3 (Groundball, 6)
Batting: LHB Mauro Díaz 0-0: Foul Ball, location: 2F
0-1: Ball
1-1: Foul Ball, location: 2F
1-2: Foul Ball, location: 2F
1-2: Ground out U3 (Groundball, 3L)
Bottom of the 3rd over - 0 run(s), 0 hit(s), 0 error(s), 0 left on base; Quincy 0 - Yellowknife 0
TOP OF THE 4TH
Quincy Doughboys batting - Pitching for Yellowknife Claws : RHP George Pierce
Batting: RHB Miguel Medina 0-0: Called Strike
0-1: Swinging Strike
0-2: Ground out 1-3 (Groundball, P)
Batting: LHB Marv Gardner 0-0: Foul Ball, location: 2F
0-1: Ball
1-1: Ball
2-1: Ball
3-1: Ground out 1-3 (Groundball, P)
Batting: LHB Alberto Castellanos 0-0: Called Strike
0-1: Ground out U3 (Groundball, 34)
Top of the 4th over - 0 run(s), 0 hit(s), 0 error(s), 0 left on base; Quincy 0 - Yellowknife 0
BOTTOM OF THE 4TH
Yellowknife Claws batting - Pitching for Quincy Doughboys : RHP Gabriel Quintero
Batting: RHB Fernando Álvarez 0-0: Called Strike
0-1: Called Strike
0-2: Ground out 6-3 (Groundball, 6)
Batting: RHB Scotty Hicks 0-0: Called Strike
0-1: Foul Ball, location: 2F
0-2: Ball
1-2: Fly out, F8 (Flyball, 78S)
Batting: RHB Oliver Gonzéles 0-0: Called Strike
0-1: Called Strike
0-2: Fly out, F8 (Flyball, 8RS)
Bottom of the 4th over - 0 run(s), 0 hit(s), 0 error(s), 0 left on base; Quincy 0 - Yellowknife 0
TOP OF THE 5TH
Quincy Doughboys batting - Pitching for Yellowknife Claws : RHP George Pierce
Batting: LHB Seth Sullivan 0-0: Called Strike
0-1: Swinging Strike
0-2: Foul Ball, location: 2F
0-2: Ball
1-2: Ball
2-2: Ball
3-2: Foul Ball, location: 2F
3-2: Foul Ball, location: 2F
3-2: Strikes out swinging, 2-3 out at first.
Batting: RHB Júlio Contreras 0-0: Called Strike
0-1: Ball
1-1: Called Strike
1-2: Strikes out swinging
Batting: RHB Vicente Barajas 0-0: Called Strike
0-1: Called Strike
0-2: Fly out, F9 (Flyball, 89M)
Top of the 5th over - 0 run(s), 0 hit(s), 0 error(s), 0 left on base; Quincy 0 - Yellowknife 0
BOTTOM OF THE 5TH
Yellowknife Claws batting - Pitching for Quincy Doughboys : RHP Gabriel Quintero
Batting: RHB Jeff Benson 0-0: SINGLE (Line Drive, 34D)
Batting: LHB Howard White 0-0: Ball
1-0: Ball
2-0: Foul Ball, location: 2F
2-1: Foul Ball, location: 2F
2-2: Ball
3-2: Grounds into double play, 4-6-3 (Groundball, 4)
Batting: RHB Cris Lugo 0-0: Called Strike
0-1: Ball
1-1: Called Strike
1-2: Foul Ball, location: 2F
1-2: SINGLE (Line Drive, 7LS)
Batting: RHB Alan Williams 0-0: Ball
1-0: Called Strike
1-1: SINGLE (Groundball, 4) (infield hit)
Cris Lugo to second
Batting: RHB Carlos Uribe 0-0: Fly out, F7 (Flyball, 7)
Bottom of the 5th over - 0 run(s), 3 hit(s), 0 error(s), 2 left on base; Quincy 0 - Yellowknife 0
TOP OF THE 6TH
Quincy Doughboys batting - Pitching for Yellowknife Claws : RHP George Pierce
Batting: RHB Domingo Laydón 0-0: Ball
1-0: Ground out 6-3 (Groundball, 6)
Batting: RHB Henry Haines 0-0: Ball
1-0: Foul Ball, location: 2F
1-1: Ground out 6-3 (Groundball, 6)
Batting: RHB Jorge Chávez 0-0: Ball
1-0: Called Strike
1-1: Ball
2-1: Called Strike
2-2: Foul Ball, location: 2F
2-2: Ball
3-2: Strikes out looking
Top of the 6th over - 0 run(s), 0 hit(s), 0 error(s), 0 left on base; Quincy 0 - Yellowknife 0
BOTTOM OF THE 6TH
Yellowknife Claws batting - Pitching for Quincy Doughboys : RHP Gabriel Quintero
Batting: LHB Mauro Díaz 0-0: Called Strike
0-1: Ball
1-1: Fly out, F8 (Line Drive, 8RM)
Batting: RHB Fernando Álvarez 0-0: Ball
1-0: Called Strike
1-1: Ball
2-1: Ball
3-1: Foul Ball, location: 2F
3-2: Foul Ball, location: 2F
3-2: Foul Ball, location: 2F
3-2: Foul Ball, location: 2F
3-2: Foul Ball, location: 2F
3-2: Foul Ball, location: 2F
3-2: Strikes out swinging wild pitch, reaches first!
Batting: RHB Scotty Hicks 0-0: Swinging Strike
0-1: Foul Ball, location: 2F
0-2: Strikes out looking
Batting: RHB Oliver Gonzéles 0-0: Called Strike
0-1: Ball
1-1: Ball
2-1: Foul Ball, location: 2F
2-2: Ground out 5-3 (Groundball, 56S)
Bottom of the 6th over - 0 run(s), 0 hit(s), 0 error(s), 1 left on base; Quincy 0 - Yellowknife 0
TOP OF THE 7TH
Quincy Doughboys batting - Pitching for Yellowknife Claws : RHP George Pierce
Batting: RHB Miguel Medina 0-0: Ball
1-0: Foul Ball, location: 2F
1-1: Called Strike
1-2: Foul Ball, location: 2F
1-2: Ball
2-2: Strikes out swinging
Pitching: LHP Armando Fuentes
Pinch Hitting: LHB Mario Álvarez 0-0: Foul Ball, location: 2F
0-1: Swinging Strike
0-2: Ball
1-2: Foul Ball, location: 2F
1-2: Strikes out swinging
Batting: LHB Alberto Castellanos 0-0: Called Strike
0-1: Called Strike
0-2: SINGLE (Line Drive, 89M)
Pinch Hitting: RHB Pedro Sandoval 0-0: Foul Ball, location: 2F
0-1: Foul Ball, location: 2F
0-2: Foul Ball, location: 2F
0-2: Strikes out swinging
Top of the 7th over - 0 run(s), 1 hit(s), 0 error(s), 1 left on base; Quincy 0 - Yellowknife 0
BOTTOM OF THE 7TH
Yellowknife Claws batting - Pitching for Quincy Doughboys : RHP Gabriel Quintero
Pitching: LHP Kees Asmus
Now at 2B: Mario Álvarez
Now at 3B: Tucker Cooper
Batting: RHB Jeff Benson 0-0: Called Strike
0-1: Ball
1-1: Foul Ball, location: 2F
1-2: Foul Ball, location: 2F
1-2: Ball
2-2: Ground out 2-3 (Groundball, 15S)
Batting: LHB Howard White 0-0: Ball
1-0: Fly out, F9 (Flyball, 89M)
Batting: RHB Cris Lugo 0-0: Called Strike
0-1: Called Strike
0-2: Ball
1-2: Foul Ball, location: 2F
1-2: Foul Ball, location: 2F
1-2: Ball
2-2: Foul Ball, location: 2F
2-2: Strikes out swinging
Bottom of the 7th over - 0 run(s), 0 hit(s), 0 error(s), 0 left on base; Quincy 0 - Yellowknife 0
TOP OF THE 8TH
Quincy Doughboys batting - Pitching for Yellowknife Claws : LHP Armando Fuentes
Batting: RHB Júlio Contreras 0-0: Swinging Strike
0-1: Ground out 6-3 (Groundball, 6)
Pinch Hitting: RHB Wilson Ortíz 0-0: Called Strike
0-1: Hit by Pitch
Pinch Runner at 1st Ben Martin:
Pinch Hitting: RHB Pedro Javier 0-0: Called Strike
0-1: Ball
1-1: Called Strike
Ben Martin is caught stealing 2nd base
1-2: Strikes out swinging
Top of the 8th over - 0 run(s), 0 hit(s), 0 error(s), 0 left on base; Quincy 0 - Yellowknife 0
BOTTOM OF THE 8TH
Yellowknife Claws batting - Pitching for Quincy Doughboys : LHP Kees Asmus
Now at 1B: António Gutiérrez
Now at SS: Ben Martin
Pinch Hitting: RHB Juan Gómez 0-0: Ball
1-0: Fly out, F8 (Flyball, 8RM)
Pinch Hitting: RHB Ricardo Ontiveros 0-0: Ball
1-0: Called Strike
1-1: Foul Ball, location: 2F
1-2: Foul Ball, location: 2F
1-2: Ball
2-2: Ground out 1-3 (Groundball, 13)
Batting: LHB Mauro Díaz 0-0: Called Strike
0-1: Swinging Strike
0-2: Foul Ball, location: 2F
0-2: Strikes out swinging
Bottom of the 8th over - 0 run(s), 0 hit(s), 0 error(s), 0 left on base; Quincy 0 - Yellowknife 0
TOP OF THE 9TH
Quincy Doughboys batting - Pitching for Yellowknife Claws : LHP Armando Fuentes
Pitching: LHP Aaron Blankenship
Now at 1B: Juan Gómez
Now at SS: Ricardo Ontiveros
Batting: RHB Henry Haines 0-0: Ball
1-0: Ball
2-0: Foul Ball, location: 2F
2-1: Called Strike
2-2: Strikes out swinging, 2-3 out at first.
Batting: RHB Jorge Chávez 0-0: Called Strike
0-1: Ball
1-1: Fly out, F4 (Line Drive, 4)
Batting: RHB Miguel Medina 0-0: Fly out, F4 (Popup, 4)
Top of the 9th over - 0 run(s), 0 hit(s), 0 error(s), 0 left on base; Quincy 0 - Yellowknife 0
BOTTOM OF THE 9TH
Yellowknife Claws batting - Pitching for Quincy Doughboys : LHP Kees Asmus
Pitching: RHP Neal Foster
Batting: RHB Fernando Álvarez 0-0: Ball
1-0: Ball
2-0: Ball
3-0: Base on Balls
Batting: RHB Scotty Hicks 0-0: Called Strike
0-1: Swinging Strike
0-2: Foul Ball, location: 2F
0-2: Ball
1-2: Ball
2-2: Ball
3-2: Foul Ball, location: 2F
3-2: Fly out, F9 (Line Drive, 89M)
Pinch Hitting: RHB Diego Cabańas 0-0: Ball
1-0: Ball
2-0: Called Strike
2-1: Foul Ball, location: 2F
2-2: Ball
3-2: Base on Balls
Fernando Álvarez to second
Batting: RHB Jeff Benson 0-0: Ball
1-0: Swinging Strike
1-1: Foul Ball, location: 2F
1-2: Ball
2-2: Ball
3-2: Grounds into double play, 4-6-3 (Groundball, 4)
Bottom of the 9th over - 0 run(s), 0 hit(s), 0 error(s), 1 left on base; Quincy 0 - Yellowknife 0
TOP OF THE 10TH
Quincy Doughboys batting - Pitching for Yellowknife Claws : LHP Aaron Blankenship
Now at C: Preston Church
Batting: LHB Mario Álvarez 0-0: Ball
1-0: Ball
2-0: Called Strike
2-1: SINGLE (Line Drive, 4)
Batting: LHB Alberto Castellanos 0-0: Ball
1-0: Hit by Pitch
Mario Álvarez to second
Pinch Hitting: RHB Marlon Hernández 0-0: Ball
1-0: Foul Ball, location: 2F
1-1: Foul Ball, location: 2F
1-2: Ball
2-2: SINGLE (Flyball, 9LS)
Mario Álvarez to third
Alberto Castellanos to second
Runner from 3rd tries for Home, SAFE, no throw
Batting: RHB Júlio Contreras 0-0: Ball
1-0: Ball
2-0: Reached on error, E6 (Groundball, 6)
Alberto Castellanos to third
Marlon Hernández to second
Pinch Hitting: SHB Mike Burke 0-0: Ball
1-0: Called Strike
1-1: Reached on error, E8 (Flyball, 8RM)
Alberto Castellanos scores
Marlon Hernández to third
Júlio Contreras to second
Batting: LHB António Gutiérrez 0-0: Swinging Strike
0-1: Fly out, F9 (Flyball, 9)
Runner from 3rd tags up, SCORES, throw made
Pitching: LHP José Rojas
Batting: RHB Henry Haines 0-0: Grounds into double play, 5-4-3 (Groundball, 5)
Top of the 10th over - 3 run(s), 2 hit(s), 2 error(s), 1 left on base; Quincy 3 - Yellowknife 0
BOTTOM OF THE 10TH
Yellowknife Claws batting - Pitching for Quincy Doughboys : RHP Neal Foster
Now at 3B: Marlon Hernández
Now in LF: Henry Rose
Batting: LHB Howard White 0-0: Called Strike
0-1: Fly out, F9 (Flyball, 9LM)
Batting: RHB Cris Lugo 0-0: Called Strike
0-1: Ball
1-1: Fly out, F7 (Flyball, 78D)
Batting: RHB Juan Gómez 0-0: Ball
1-0: Foul Ball, location: 2F
1-1: Called Strike
1-2: Foul Ball, location: 2F
1-2: Ball
2-2: Strikes out looking
Bottom of the 10th over - 0 run(s), 0 hit(s), 0 error(s), 0 left on base; Quincy 3 - Yellowknife 0
Thursday, March 30th, 2017 - OOTP Baseball 17.12 Build 75